 Dungeon Crawl Stone Soup version 0.30-a0-1157-g2cc9ac7196 (webtiles) character file.

Game seed: 6458235259124824794

44 cheesebisquit the Grave Robber (level 3, -4/28 HPs)
             Began as a Ghoul Necromancer on Apr 24, 2023.
             Slain by a gnoll
             ... wielding a +0 halberd
              (16 damage)
             ... on level 2 of the Dungeon.
             The game lasted 00:06:31 (1378 turns).

cheesebisquit the Grave Robber (Ghoul Necromancer)  Turns: 1378, Time: 00:06:32

Health: -4/28      AC:  2    Str: 11    XL:     3   Next: 62%
Magic:  0/5        EV: 12    Int: 12    God:
Gold:   39         SH:  0    Dex:  9    Spells: 5/6 levels left

rFire   . .          .
                       - Unarmed
rCold   + . .        (no shield)
rNeg    + + +        a - +0 robe
rPois   ∞            (no helmet)
rElec   .            (no cloak)
rCorr   .            (no gloves)
SInv    .            (no boots)
Will    .....        (no amulet)
Stlth   ++           (no ring)
HPRegen 0.00/turn    (no ring)
MPRegen 0.09/turn

%: no passive effects
@: inhibited regen
A: claws 1, cold resistance 1, negative energy resistance 3, inhibited
regeneration, torment resistance 2, devour on kill
a: no special abilities


You were on level 2 of the Dungeon.
You visited 1 branch of the dungeon, and saw 2 of its levels.

You collected 39 gold pieces.

Inventory:

Armour
 a - a +0 robe (worn)
Scrolls
 b - a scroll of identify {unknown}
 d - 2 scrolls of blinking {unknown}
 e - a scroll of noise {unknown}
 f - a scroll of vulnerability {unknown}
Potions
 c - a potion of curing {unknown}


   Skills:
 + Level 1.4 Fighting
 - Level 1.7 Dodging
 - Level 2.1 Stealth
 + Level 1.5 Unarmed Combat
 + Level 2.2 Spellcasting
 + Level 4.3 Necromancy


You had 5 spell levels left.
You knew the following spells:

 Your Spells              Type           Power      Damage    Failure   Level
a - Necrotise             Necr           44%        1d6       4%          1

Your spell library contained the following spells:

 Spells                   Type           Power      Damage    Failure   Level
 Vampiric Draining        Necr           11%        2d6       14%         3
 Animate Dead             Necr           11%        N/A       41%         4
 Agony                    Necr           11%        N/A       77%         5


Dungeon Overview and Level Annotations

Branches:
Dungeon (2/15)

Altars:


Innate Abilities, Weirdness & Mutations

You are immune to poison.
You have sharp fingernails.
Your flesh is cold resistant. (rC+)
You are immune to negative energy. (rN+++)
You do not regenerate when monsters are visible.
You are immune to unholy pain and torment.
You thrive by killing the living.


Message History

You kill the goblin!
The dead are walking!
A frilled lizard comes into view.
The frilled lizard barely resists.
The frilled lizard writhes in agony.
You kill the frilled lizard!
The dead are walking!
Your goblin skeleton crumbles into dust!
You swap places.
Your goblin skeleton crumbles into dust!
Found a club.
Your frilled lizard skeleton crumbles into dust!
A hobgoblin comes into view.
The hobgoblin moves out of view.
Found a mace.
A gnoll comes into view. It is wielding a +0 halberd.
The gnoll shouts!
The gnoll writhes in agony.
You hear a shout!
A frilled lizard comes into view.
The gnoll struggles to resist.
The frilled lizard hisses angrily.
The gnoll writhes in agony.
A gnoll comes into view. It is wielding a +0 spear.
A bat comes into view.
The gnoll struggles to resist.
A gnoll comes into view. It is wielding a +0 whip.
The gnoll hits you from afar with a +0 halberd!
Ouch! That really hurt!
You are too injured to fight recklessly!
Okay, then.
Okay, then.
You are too injured to fight recklessly!
Aiming: Necrotise (safe; 4% risk of failure)
Press: ? - help, Q - select action Shift-Dir - straight line, f/p - gnoll
Aim: a gnoll, wielding a +0 halberd and wearing a +0 chain mail (moderately wounded, chance to affect: 73%)
The gnoll writhes in agony.
The gnoll hits you from afar with a +0 halberd!
Ouch! That really hurt!
You die...

. . . #.. .g .#.
#. .#.. #. l..#
##...#
#g.###..#.#
#.b##.#..#
#@##.#..#
.####....#..#
..............#
........#.....#
.....##...#...##
####....#......#
........##...#
#####...##...#
.######......##.


You could see 2 gnolls, a bat and a frilled lizard.

Vanquished Creatures
  A gnoll (D:1)
  A dart slug (D:1)
  2 ball pythons (D:1)
  4 bats (D:1)
  2 endoplasms (D:1)
  2 giant cockroaches (D:1)
  3 goblins
  4 hobgoblins (D:1)
  A quokka (D:1)
  A frilled lizard (D:2)
  3 kobolds (D:1)
  3 rats (D:1)
27 creatures vanquished.

Vanquished Creatures (collateral kills)
  A dart slug (D:1)
1 creature vanquished.

Grand Total: 28 creatures vanquished

Notes
Turn   | Place    | Note
-------+----------+-------------------------------------------
     0 | D:1      | cheesebisquit the Ghoul Necromancer began the quest for the
                  | Orb.
     0 | D:1      | Reached XP level 1. HP: 14/14 MP: 2/2
   298 | D:1      | Reached XP level 2. HP: 20/22 MP: 0/3
   626 | D:1      | Reached skill level 1 in Unarmed Combat
   714 | D:1      | Reached skill level 1 in Fighting
   823 | D:1      | Reached XP level 3. HP: 17/28 MP: 0/5
  1378 | D:2      | Slain by a gnoll

Illustrated notes

Levels and vault maps discovered:
D:1:      psy_arrival_heroes, layout_basic
D:2:      minmay_razor_zed, layout_rooms, basic_altar

Skill      XL: |  1  2 |
---------------+-------+-----
Spellcasting   | 2 |  2.2
Unarmed Combat | 1 |  1.5
Fighting       | 1 |  1.4
Dodging        | |  1.7
Stealth        | |  2.1
Necromancy     | |  4.3

Action                     || total
---------------------------++-------
  Melee: Unarmed           ||    32
   Cast: Necrotise         ||    57
    Use: Potion            ||     2
 Armour: Robe              ||     9
  Dodge: Dodged            ||    17

Table legend: (Time is in decaauts)
 A = Elapsed time spent in this place.
 B = Non-inter-level travel time spent in this place.
 C = Inter-level travel time spent in this place.
 D = Time resting spent in this place.
 E = Time spent auto-exploring this place.
 F = Levels seen in this place.
 G = Mean time per level.
                   A        B        C        D        E       F      G
               +--------+--------+--------+--------+--------+-----+--------+
         Total |   1359 |   1319 |     40 |    130 |    947 |   2 |  679.5 |
       Dungeon |   1359 |   1319 |     40 |    130 |    947 |   2 |  679.5 |
               +--------+--------+--------+--------+--------+-----+--------+

Top non-repeatable levels by time:
     D:1: 1290 daAuts
     D:2: 68 daAuts
